 Dungeon Crawl Stone Soup version 0.25.1-1-g288607f (webtiles) character file.

Game seed: 15302897538567311774

504 Gadfly the Ruffian (level 7, -8/49 HPs)
             Began as an Octopode Fighter on July 24, 2020.
             Mangled by Prince Ribbit (18 damage)
             ... on level 5 of the Dungeon.
             The game lasted 00:05:08 (4367 turns).

Gadfly the Ruffian (Octopode Fighter)               Turns: 4367, Time: 00:05:09

Health: -8/49      AC:  1    Str: 17    XL:     7   Next: 17%
Magic:  7/7        EV: 13    Int: 16    God:
Gold:   193        SH: 10    Dex: 12    Spells: 6/6 levels left

rFire    . . .     SeeInvis .   b - +2 flail (venom)
rCold    . . .     Gourm    .   a - +1 kite shield
rNeg     . . .     Faith    .   (helmet restricted)
rPois    .         Spirit   .   (no amulet)
rElec    .         Reflect  .   k - +6 ring of intelligence
rCorr    .         Harm     .   q - ring of protection from magic
MR       +....                  (no ring)
Stlth    ++........             (no ring)
HPRegen  0.16/turn              (no ring)
MPRegen  0.10/turn              (no ring)
                                (no ring)
                                (no ring)

@: no status effects
A: almost no armour, stealthy swim, amphibious, 8 rings, constrict 8, camouflage
1, gelatinous body 1
a: no special abilities


You were on level 5 of the Dungeon.
You were not hungry.

You visited 1 branch of the dungeon, and saw 5 of its levels.

You collected 193 gold pieces.

Inventory:

Hand Weapons
 b - a +2 flail of venom (weapon)
 j - a +2 vorpal mace
Armour
 a - a +1 kite shield (worn)
Jewellery
 h - an uncursed ring of ice
 k - a +6 ring of intelligence (left tentacle)
 q - a ring of protection from magic (right tentacle)
Scrolls
 m - 4 scrolls of remove curse
Potions
 d - 3 potions of ambrosia
 e - 2 potions of curing
 f - a potion of magic {unknown}
 l - a potion of might
 p - a potion of mutation {unknown}
Comestibles
 c - 5 rations


   Skills:
 + Level 4.3 Fighting
 + Level 4.4 Dodging
 + Level 4.3 Shields
 * Level 5.0 Unarmed Combat


You had 6 spell levels left.
You didn't know any spells.
Your spell library was empty.

Dungeon Overview and Level Annotations

Branches:
Dungeon (5/15)
 Temple: D:4-7

Altars:
Dithmenos
Makhleb
Ru

Annotations:
D:5 Prince Ribbit


Innate Abilities, Weirdness & Mutations

You cannot wear most types of armour.
You are very stealthy in the water. (Stealth+)
You are amphibious.
You can wear up to eight rings at the same time.
You can use your tentacles to constrict eight enemies at once.
Your skin changes colour to match your surroundings (Stealth+).
Your rubbery body absorbs attacks. (AC +1, EV +1)


Message History

Prince Ribbit blinks!
You are too injured to fight recklessly!
You are too injured to fight recklessly!
Prince Ribbit blinks!
You closely miss Prince Ribbit. Your grab misses Prince Ribbit.
You tentacle-slap Prince Ribbit.
Prince Ribbit is moderately wounded.
You block Prince Ribbit's attack. Prince Ribbit completely misses you.
You barely miss Prince Ribbit. Your grab misses Prince Ribbit.
Your squeeze misses Prince Ribbit.
Prince Ribbit is moderately wounded.
Prince Ribbit hits you!
* * * LOW HITPOINT WARNING * * *
You block Prince Ribbit's attack.
Unknown command.
You closely miss Prince Ribbit. Your grab misses Prince Ribbit.
You squeeze Prince Ribbit!
Prince Ribbit is heavily wounded.
Prince Ribbit hits you!!
You die...

#......# #......#
+......+ ...# #......#
...# ######......#
#...#
..........#####...#
..........#..#....#
.......F..'..#....#####
.......@..#..#.........
..........#..'........
..........#..#....### #
..........#####...# ..
####....### ###...##...
#....# #..........
#....# #.....######
#....# #.....##....
###...##....


You could see Prince Ribbit.

Vanquished Creatures
  An ogre (D:3)
  A bullfrog zombie (D:5)
  3 hounds (D:4)
  2 iguanas (D:4)
  2 worker ants (D:4)
  A hound skeleton (D:4)
  A howler monkey skeleton (D:4)
  4 gnolls
  6 adders
  A worm (D:4)
  3 dart slugs
  5 leopard geckos
  2 orcs (D:4)
  3 bats (D:1)
  7 giant cockroaches
  8 goblins
  7 hobgoblins
  5 jackals
  4 quokkas
  3 frilled lizards
  9 kobolds
  5 rats
83 creatures vanquished.

Notes
Turn   | Place    | Note
-------+----------+-------------------------------------------
     0 | D:1      | Gadfly the Octopode Fighter began the quest for the Orb.
     0 | D:1      | Reached XP level 1. HP: 16/16 MP: 1/1
   285 | D:1      | Reached XP level 2. HP: 21/21 MP: 2/2
   516 | D:1      | Reached XP level 3. HP: 24/26 MP: 3/3
  1158 | D:2      | Reached skill level 3 in Unarmed Combat
  1224 | D:2      | Reached XP level 4. HP: 31/31 MP: 4/4
  1646 | D:2      | Found a burning altar of Makhleb.
  1859 | D:3      | Found a shadowy altar of Dithmenos.
  2017 | D:3      | Noticed an ogre
  2035 | D:3      | Killed an ogre
  2035 | D:3      | Reached XP level 5. HP: 37/37 MP: 5/5
  2077 | D:3      | You fall into a shaft and drop 1 floor!
  2084 | D:4      | Reached skill level 4 in Unarmed Combat
  2090 | D:4      | Reached XP level 6. HP: 34/43 MP: 6/6
  3272 | D:3      | Found a sacrificial altar of Ru.
  3908 | D:4      | Reached XP level 7. HP: 43/48 MP: 7/7
  4252 | D:5      | Entered Level 5 of the Dungeon
  4328 | D:5      | Reached skill level 5 in Unarmed Combat
  4351 | D:5      | Noticed Prince Ribbit
  4367 | D:5      | Mangled by Prince Ribbit

Illustrated notes

Levels and vault maps discovered:
D:1:      saegor_arrival_simple_b, layout_loops_corners
D:2:      layout_rooms, overflow_temple_1_default
D:3:      layout_basic, nicolae_dithmenos_shadow_blocks,
          nicolae_ru_path_of_blood
D:4:      layout_basic
D:5:      layout_gridville, eat_drink_and_be_merry_uskayaw, fiery_altar_vehumet,
          minmay_temple_entry_mini_moons, first_ration, uniq_sigmund,
          uniq_prince_ribbit1

Skill      XL: |  1  2  3  4  5  6  7 |
---------------+----------------------+-----
Unarmed Combat | 3 4 5 |  5.0
Dodging        | 4 |  4.4
Fighting       | 4 |  4.3
Shields        | 4 |  4.3

Action                   |  1- 3 |  4- 6 |  7- 9 || total
-------------------------+-------+-------+-------++-------
Melee: Unarmed           |    81 |   128 |    13 ||   222
       Constrict         |    20 |    33 |     3 ||    56
       Tentacles         |    11 |    21 |     2 ||    34
       Punch             |     1 |     2 |     1 ||     4
       Flail             |       |       |     3 ||     3
  Use: Scroll            |     3 |     7 |     2 ||    12
 Stab: Sleeping          |     6 |     8 |     1 ||    15
       Distracted        |     1 |       |       ||     1
  Eat: Chunk             |     1 |     8 |     2 ||    11
Armor: Skin              |     4 |     2 |       ||     6
Dodge: Dodged            |    25 |    45 |     7 ||    77
Block: Kite shield       |    32 |    38 |     6 ||    76
